 Dungeon Crawl Stone Soup version 0.28-a0-1347-g113dc556a4 (webtiles) character file.

Game seed: 9187443823698501728

55592 Shayle the Fighter (level 14, -5/138 HPs)
             Began as a Naga Warper on Dec 29, 2021.
             Was a High Priest of Wu Jian.
             Slain by an orc warrior (14 damage)
             ... led by an orc warlord
             ... while paralysed by an orc sorcerer
             ... on level 2 of the Orcish Mines.
             The game lasted 01:25:34 (20716 turns).

Shayle the Fighter (Naga Warper)                   Turns: 20716, Time: 01:25:37

Health: -5/138     AC: 18    Str: 15    XL:     14   Next: 78%
Magic:  18/18      EV:  1    Int: 14    God:    Wu Jian [*****.]
Gold:   1615       SH:  0    Dex: 20    Spells: 9/19 levels left

rFire   + . .      SeeInvis +   K - +7 dagger (drain)
rCold   . . .      Faith    .   A - +0 buckler
rNeg    . . .      Spirit   .   W - +0 steam dragon scales
rPois   +          Reflect  .   m - +1 helmet
rElec   .          Harm     .   L - +2 cloak
rCorr   .          Rampage  .   C - +1 pair of gloves
Will    +....                   (no barding)
Stlth   ++........              M - amulet of regeneration
HPRegen 1.13/turn               d - +6 ring of dexterity
MPRegen 0.16/turn               P - ring of protection from fire

@: paralysed, in a heavenly storm, glowing, very slow
A: AC +4, large, see invisible, deformed body, poison resistance, slowness 2,
spit poison 1, naga tail 2
a: Spit Poison, Renounce Religion, Wall Jump, Serpent's Lash, Heavenly Storm


You were on level 2 of the Orcish Mines.
You worshipped Wu Jian.
Wu Jian was extremely pleased with you.
You visited 4 branches of the dungeon, and saw 20 of its levels.

You collected 1615 gold pieces.

Inventory:

Hand Weapons
 a - a +1 dagger of holy wrath
 q - a +2 great sword of flaming
 K - a +7 dagger of draining (weapon)
 T - a +2 trident of distortion
Missiles
 c - 38 poisoned darts (quivered)
 l - 2 javelins
 r - 3 boomerangs
 E - 3 throwing nets
 H - 2 curare-tipped darts
Armour
 m - a +1 helmet (worn)
 A - a +0 buckler (worn)
 C - a +1 pair of gloves (worn)
 F - the +2 ratskin cloak {*Rats rPois rN+ Str-1 Int-1 Dex+1}
   (You found it on level 7 of the Dungeon)

   When the wearer is hurt, rats may emerge from it to assist them.
   Str:       It affects your strength (-1).
   Int:       It affects your intelligence (-1).
   Dex:       It affects your dexterity (+1).
   rPois:     It protects you from poison.
   rN:        It protects you from negative energy.
 L - a +2 cloak (worn)
 W - +0 steam dragon scales (worn)
Jewellery
 d - a +6 ring of dexterity (left hand)
 o - a ring of fire
 B - a ring of flight
 M - an amulet of regeneration (around neck)
 P - a ring of protection from fire (right hand)
 Q - a +4 ring of slaying
 S - the ring "Gaenidiv" {Will+ Str+4 Int+6 Dex+3 Slay-4}
   (You found it on level 2 of the Lair of Beasts)

   [ring of intelligence]

   Str:       It affects your strength (+4).
   Int:       It affects your intelligence (+6).
   Dex:       It affects your dexterity (+3).
   Slay:      It affects your accuracy & damage with ranged weapons and melee
   (-4).
   Will:      It increases your willpower.
 V - a +6 ring of intelligence
Wands
 i - a wand of iceblast (25)
 p - a wand of mindburst (9)
 w - a wand of flame (26)
 X - a wand of charming (7)
 Z - a wand of digging (9)
Scrolls
 b - 2 scrolls of enchant armour
 f - a scroll of fear
 s - 3 scrolls of fog
 u - 7 scrolls of identify
 y - 2 scrolls of magic mapping
 R - 5 scrolls of teleportation
Potions
 e - 4 potions of lignification
 g - a potion of mutation {unknown}
 h - 3 potions of brilliance
 j - 2 potions of might
 k - 2 potions of attraction
 n - 4 potions of curing
 t - 2 potions of flight
 I - a potion of berserk rage
 J - a potion of magic
 N - 3 potions of heal wounds


   Skills:
 - Level 12.2 Fighting
 - Level 10.0 Short Blades
 - Level 1.9 Throwing
 - Level 12.0 Armour
 - Level 10.4 Dodging
 - Level 9.0 Stealth
 - Level 4.0 Shields
 + Level 3.2 Spellcasting
 - Level 3.0 Translocations
 + Level 2.5 Transmutations
 + Level 2.4 Earth Magic


You had 9 spell levels left.
You knew the following spells:

 Your Spells              Type           Power      Damage    Failure   Level
a - Blink                 Tloc           20%        N/A       10%         2
b - Passwall              Tmut/Erth      7%         N/A       12%         2
c - Statue Form           Tmut/Erth      6%         N/A       100%        6

Your spell library contained the following spells:

 Spells                   Type           Power      Damage    Failure   Level
 Beastly Appendage        Tmut           18%        N/A       8%          1
 Sandblast                Erth           18%        2d7       8%          1
 Wereblood                Tmut           9%         N/A       12%         2
 Gell's Gravitas          Tloc           10%        N/A       19%         3
 Lesser Beckoning         Tloc           10%        N/A       19%         3
 Teleport Other           Tloc           10%        N/A       19%         3
 Slow                     Hex            8%         N/A       22%         1
 Corpse Rot               Necr/Air       4%         N/A       32%         2
 Sublimation of Blood     Necr           2%         N/A       32%         2
 Portal Projectile        Hex/Tloc       12%        N/A       34%         3
 Spider Form              Tmut/Pois      5%         N/A       36%         3
 Stone Arrow              Conj/Erth      10%        3d7       36%         3
 Call Canine Familiar     Summ           2%         N/A       54%         3
 Confusing Touch          Hex            2%         N/A       54%         3
 Frozen Ramparts          Ice            4%         1d2       54%         3
 Swiftness                Air            2%         N/A       54%         3
 Vampiric Draining        Necr           2%         2d6       54%         3
 Petrify                  Tmut/Erth      9%         N/A       58%         4
 Ice Form                 Ice/Tmut       5%         N/A       77%         4
 Leda's Liquefaction      Hex/Erth       2%         N/A       77%         4
 Manifold Assault         Tloc           10%        N/A       86%         5
 Dispel Undead            Necr           2%         3d7       91%         4
 Hailstorm                Conj/Ice       2%         3d3       91%         4
 Summon Ice Beast         Ice/Summ       2%         N/A       91%         4
 Irradiate                Conj/Tmut      2%         3d14      98%         5
 Metabolic Englaciation   Hex/Ice        1%         N/A       99%         5
 Death Channel            Necr           1%         N/A       100%        6
 Dispersal                Tloc           5%         N/A       100%        6
 Simulacrum               Ice/Necr       1%         N/A       100%        6
 Storm Form               Tmut/Air       2%         N/A       100%        7


Dungeon Overview and Level Annotations

Branches:
Dungeon (11/15)            Temple (1/1) D:4            Lair (6/6) D:9
 Shoals (0/4) Lair:2       Spider (0/4) Lair:3          Orc (2/2) D:11
  Slime: Lair:5-6       Elf: Orc:2

Altars:
Ashenzari
Cheibriados
Dithmenos
Elyvilon
Fedhas
Gozag
Hepliaklqana
Kikubaaqudgha
Makhleb
Nemelex Xobeh
Okawaru
Qazlal
Ru
Sif Muna
Trog
Uskayaw
Vehumet
Wu Jian
Xom
Yredelemnul
Zin
The Shining One

Annotations:
D:10 1 runed translucent door, dolemite99's ghost, journeyman DDFi
Lair:5 exclusion: 3 oklob plants


Innate Abilities, Weirdness & Mutations

Your serpentine skin is tough. (AC +4)
You have supernaturally acute eyesight. (SInv)
Armour fits poorly on your strangely shaped body.
Your system is resistant to poisons. (rPois)
You cover ground very slowly.
You can spit poison.
You can use your snake-like lower body to constrict enemies.


Message History

The orc sorcerer is lightly wounded.
You hit the orc sorcerer. You drain the orc sorcerer.
You grab the orc sorcerer.
The orc sorcerer is moderately wounded.
You puncture the orc sorcerer!
The orc sorcerer is severely wounded.
You spin and attack the warg repeatedly.
You puncture the warg!
The warg is moderately wounded.
You hit the warg. You drain the warg.
The warg is heavily wounded.
You hit the warg. You drain the warg.
The warg is almost dead.
You constrict the orc sorcerer. The warg bites you but does no damage.
The orc sorcerer points at you and mumbles some strange words.
You suddenly lose the ability to move!
You lose your grip on the orc sorcerer.
The orange demon stings you from afar. The orc warrior completely misses you.
The warg bites you but does no damage.
The orc warrior hits you from afar with a +0 trident!!
The orc hits you but does no damage.
The orc sorcerer hits you but does no damage.
The orange demon stings you from afar. The warg bites you.
The orc warrior hits you from afar with a +0 trident!
The orc hits you but does no damage.
You hear a shout!
The warg bites you but does no damage. The orange demon stings you from afar!
* * * LOW HITPOINT WARNING * * *
An orc warrior comes into view. It is wielding a +0 trident.
The orc warrior hits you with a +4 dire flail.
* * * LOW HITPOINT WARNING * * *
The orc warrior barely misses you.
The orc warrior shouts!
The warg bites you.
* * * LOW HITPOINT WARNING * * *
The orange demon stings you from afar!
* * * LOW HITPOINT WARNING * * *
The orc warrior hits you from afar with a +0 trident.
* * * LOW HITPOINT WARNING * * *
The orc warrior hits you with a +4 dire flail!
You die...

##.............##
#...........####
##.........#.#
##.#........###
#.......#..## #.
###.....##..# ..
###§#§#§§#§...#
..
##..☼§§§§☼☼§..##
..
#...§o@o§☼#....#
..
##..§§oh§§○§..##
. ##.o4ooo§☼☼...#
. #..§o°#☼######
. #...o○### #
#8...8 # #..... #
#.o.oo


..o.ooo # You could see an orc knight (strong), an orange demon (summoned), a
warg (drained), 2 orc sorcerers, 3 orc warriors and an orc (strong).

Vanquished Creatures
  A fire dragon (Lair:6)
  Josephine (Orc:1)
  15 hydras
  5 death yaks
  A two-headed ogre (D:10)
  A lindwurm (Lair:6)
  An orc knight (Orc:2)
  3 cyclopes
  2 merfolk sirens (Lair:2)
  8 black mambas
  11 elephants
  Maurice (D:9)
  3 centaur zombies
  2 molten gargoyles (Lair:6)
  10 cane toads
  2 rime drakes (Lair:6)
  7 komodo dragons
  A troll (Orc:2)
  2 merfolk (Lair:2)
  3 polar bears
  Grinder (D:5)
  A hornet (D:9)
  12 dream sheep
  13 blink frogs
  3 jumping spiders (Lair:3)
  A vampire (D:10)
  8 wraiths
  2 shadows
  9 wyverns
  4 basilisks
  47 yaks
  4 steam dragons
  2 redbacks (Lair:3)
  13 water moccasins
  3 hell hounds (Lair:6)
  2 ice beasts
  7 orc warriors
  2 sky beasts
  A black bear (Lair:3)
  A necrophage (D:8)
  2 ogres (Orc:1)
  17 wolves
  8 centaurs
  2 kobold brigands
  6 bullfrogs
  3 gnoll sergeants
  2 scorpions
  A water moccasin zombie (D:5)
  A troll zombie (D:11)
  5 killer bees
  An electric eel (Lair:5)
  2 howler monkeys (D:8)
  5 lava snakes (Lair:6)
  A bullfrog zombie (D:6)
  9 orc priests
  3 jellies
  A centaur skeleton (D:6)
  Natasha (thrice) (D:4)
  8 hell rats
  12 orc wizards
  2 killer bee zombies
  3 ogre zombies (D:11)
  3 howler monkey zombies
  Robin (D:2)
  15 gnolls
  5 adders
  20 river rats (D:7)
  A white imp (D:8)
  3 ufetubi
  An adder skeleton (D:4)
  A dart slug (D:1)
  42 orcs
  3 ball pythons
  5 endoplasms
  A giant cockroach (D:2)
  9 goblins
  3 hobgoblins
  6 jackals
  10 bats
  4 frilled lizards
  A goblin zombie (D:11)
  A hobgoblin skeleton (D:11)
  2 hobgoblin zombies (D:11)
  18 kobolds
  An orc skeleton (D:11)
  9 orc zombies (D:11)
  2 rats (D:2)
  3 butterflies
483 creatures vanquished.

Vanquished Creatures (collateral kills)
  A polar bear (Lair:1)
1 creature vanquished.

Vanquished Creatures (others)
  A hell hound (Lair:6)
  An orc priest (Orc:2)
  32 fungi
  64 plants
98 creatures vanquished.

Grand Total: 582 creatures vanquished

Notes
Turn   | Place    | Note
-------+----------+-------------------------------------------
     0 | D:1      | Shayle the Naga Warper began the quest for the Orb.
     0 | D:1      | Reached XP level 1. HP: 19/19 MP: 3/3
    25 | D:1      | Reached skill level 1 in Throwing
    53 | D:1      | Reached skill level 1 in Stealth
   378 | D:1      | Reached XP level 2. HP: 26/26 MP: 5/5
  1239 | D:2      | Reached XP level 3. HP: 32/32 MP: 6/6
  1242 | D:2      | Learned a level 2 spell: Blink
  1661 | D:2      | Found a faded altar of an unknown god.
  2301 | D:2      | Noticed Robin
  2445 | D:3      | Found an iron altar of Okawaru.
  2445 | D:3      | Found a bloodstained altar of Trog.
  2594 | D:2      | Killed Robin
  2595 | D:2      | Reached XP level 4. HP: 24/39 MP: 7/7
  2598 | D:2      | Reached skill level 5 in Stealth
  2933 | D:3      | Reached XP level 5. HP: 45/45 MP: 8/8
  3613 | D:3      | Reached XP level 6. HP: 13/52 MP: 9/9
  3997 | D:4      | Noticed Natasha
  4006 | D:4      | Killed Natasha
  4072 | D:4      | Noticed Natasha
  4079 | D:4      | Killed Natasha
  4242 | D:4      | Found a staircase to the Ecumenical Temple.
  4248 | Temple   | Entered the Ecumenical Temple
  4284 | Temple   | Became a worshipper of the Wu Jian Council
  4372 | D:4      | Found a sparkling altar of Nemelex Xobeh.
  4442 | D:4      | Noticed Natasha
  4448 | D:4      | Killed Natasha
  4606 | D:5      | Entered Level 5 of the Dungeon
  4622 | D:5      | Found a blossoming altar of Fedhas.
  4635 | D:5      | Noticed a sky beast
  4646 | D:5      | Killed a sky beast
  4647 | D:5      | Reached skill level 5 in Short Blades
  4647 | D:5      | Reached XP level 7. HP: 44/60 MP: 10/10
  4920 | D:5      | Noticed Grinder
  4929 | D:5      | Killed Grinder
  5424 | D:6      | Reached XP level 8. HP: 63/67 MP: 11/11
  5643 | D:6      | Found a hazy altar of Hepliaklqana.
  5871 | D:6      | Found a glowing golden altar of the Shining One.
  5875 | D:6      | Found a burning altar of Makhleb.
  5924 | D:6      | Found a white marble altar of Elyvilon.
  6034 | D:6      | Found a hide-covered altar of Uskayaw.
  6789 | D:7      | Reached XP level 9. HP: 29/76 MP: 12/12
  7380 | D:7      | Found a snail-covered altar of Cheibriados.
  7480 | D:7      | Reached * piety under Wu Jian
  7687 | D:7      | Found the +2 ratskin cloak {*Rats rPois rN+ Str-1 Int-1
                  | Dex+1}
  7927 | D:7      | Found a glowing silver altar of Zin.
  8135 | D:8      | Learned a level 2 spell: Passwall
  8383 | D:8      | Reached skill level 5 in Fighting
  9123 | D:9      | Noticed a cyclops
  9142 | D:9      | Found a staircase to the Lair.
  9285 | D:9      | Noticed Maurice
  9292 | D:9      | Killed Maurice
  9293 | D:9      | Reached skill level 5 in Dodging
  9293 | D:9      | Reached XP level 10. HP: 55/91 MP: 13/13
  9483 | D:9      | Reached ** piety under Wu Jian
 10116 | D:9      | Killed a cyclops
 10592 | D:10     | Entered Level 10 of the Dungeon
 10592 | D:10     | Noticed a two-headed ogre
 10653 | Lair:1   | Entered Level 1 of the Lair of Beasts
 10673 | Lair:1   | Noticed a five-headed hydra
 10684 | Lair:1   | Killed a five-headed hydra
 10696 | Lair:1   | Noticed a cane toad
 10707 | Lair:1   | Noticed a seven-headed hydra
 10716 | Lair:1   | Killed a cane toad
 10992 | Lair:1   | Noticed a cane toad
 11011 | Lair:1   | Killed a cane toad
 11186 | Lair:1   | Noticed a cane toad
 11201 | Lair:1   | Noticed a cane toad
 11212 | Lair:1   | Killed a cane toad
 11245 | Lair:1   | Noticed a black mamba
 11252 | Lair:1   | Killed a black mamba
 11253 | Lair:1   | Reached XP level 11. HP: 99/104 MP: 14/14
 11388 | Lair:1   | Noticed an eight-headed hydra
 11394 | Lair:1   | Killed an eight-headed hydra
 11853 | Lair:1   | Killed a seven-headed hydra
 11854 | Lair:1   | Reached skill level 10 in Fighting
 12189 | Lair:2   | Identified the ring "Gaenidiv" {Will+ Str+4 Int+6 Dex+3
                  | Slay-4}
 12298 | Lair:2   | Found a staircase to the Shoals.
 12967 | Lair:2   | Identified the +3 scale mail "Uheadia" {Dex+8}
 13428 | Lair:3   | Noticed an eight-headed hydra
 13441 | Lair:3   | Killed an eight-headed hydra
 13441 | Lair:3   | Reached *** piety under Wu Jian
 13442 | Lair:3   | Reached XP level 12. HP: 40/120 MP: 12/15
 13859 | Lair:3   | Reached skill level 10 in Dodging
 14133 | Lair:3   | Found a hole to the Spider Nest.
 14549 | Lair:4   | Noticed a four-headed hydra
 14849 | Lair:4   | Noticed a five-headed hydra
 15137 | Lair:4   | Reached skill level 1 in Shields
 15153 | Lair:4   | Reached **** piety under Wu Jian
 15390 | Lair:4   | Killed a three-headed hydra
 15422 | Lair:5   | Noticed a five-headed hydra
 15434 | Lair:5   | Killed a five-headed hydra
 15534 | Lair:5   | Reached skill level 1 in Armour
 15724 | Lair:5   | Noticed a six-headed hydra
 15738 | Lair:5   | Killed a six-headed hydra
 15739 | Lair:5   | Gained mutation: You can use your snake-like lower body to
                  | constrict enemies. [Naga growth]
 15739 | Lair:5   | Reached XP level 13. HP: 61/129 MP: 16/16
 15824 | Lair:5   | Reached skill level 5 in Armour
 16303 | Lair:5   | Learned a level 6 spell: Statue Form
 16337 | Lair:6   | Entered Level 6 of the Lair of Beasts
 16374 | Lair:6   | Reached ***** piety under Wu Jian
 17344 | Lair:6   | Reached skill level 10 in Armour
 17384 | Lair:6   | Reached XP level 14. HP: 138/138 MP: 17/17
 17444 | Lair:6   | Found a large runed translucent door.
 17444 | Lair:6   | Found a large runed translucent door.
 17571 | Lair:6   | Reached skill level 10 in Short Blades
 19113 | D:10     | Found a runed translucent door.
 19113 | D:10     | Noticed dolemite99's ghost (journeyman DDFi)
 19342 | D:10     | Found a sacrificial altar of Ru.
 20154 | D:11     | Reached skill level 1 in Transmutations
 20154 | D:11     | Reached skill level 1 in Earth Magic
 20161 | D:11     | Found a staircase to the Orcish Mines.
 20261 | D:11     | Reached ****** piety under Wu Jian
 20319 | Orc:1    | Entered Level 1 of the Orcish Mines
 20552 | Orc:2    | Entered Level 2 of the Orcish Mines
 20552 | Orc:2    | Noticed Josephine
 20570 | Orc:1    | Killed Josephine
 20685 | Orc:2    | Found a radiant altar of Vehumet.
 20713 | Orc:2    | Paralysed by an orc sorcerer for 5 turns
 20716 | Orc:2    | Slain by an orc warrior

Illustrated notes

Levels and vault maps discovered:
D:1:      psy_arrival_statuary, layout_rooms, serial_rivers,
          chequers_serial_rivers_marsh, chequers_serial_rivers_small_a,
          chequers_serial_rivers_micro_d, chequers_serial_rivers_room_b
D:2:      layout_basic, basic_ecumenical_altar, minivault_4, minmay_tall_x,
          uniq_robin
D:3:      cheibrodos_pilgrimage, layout_basic, grunt_temple_overflow_bloody_war,
          minmay_misc_feat_rows
D:4:      layout_rooms, mainiacjoe_overflow_six_doors_small,
          minmay_temple_entry_fiery, uniq_natasha
D:5:      layout_cave_pools, fedhas_altar_3, eino_small_chamber_without_monster,
          uniq_grinder
D:6:      layout_loops_ring, mainiacjoe_overflow_cross_hatched,
          mainiacjoe_overflow_surrounded_room, nicolae_hepliaklqana_hazy_memory,
          minitemple
D:7:      wander_guarded_unrand_ratskin, layout_rooms, cheibriados_altar_1,
          zin_treasury
D:8:      layout_basic
D:9:      layout_rooms, dpeg_oklobed_lair, minivault_21, uniq_maurice
D:10:     layout_small_grid, marbit_many_paths, hellmonk_ghost_happy_afterlife
D:11:     layout_basic, zombieorc1_lemuel,
          hellmonk_guarded_unrand_vitality_bloodlust, uniq_grum
Temple:   eino_wide_crystal_templ
Lair:1:   layout_hall_layers
Lair:2:   layout_cave_pods, elwin_shoals_entry_stream, lemuel_fruit_fields,
          serial_bayou_shore_b, serial_bayou_shore_b
Lair:3:   layout_small_grid, spider_nest_entry_funnel_web
Lair:4:   layout_roguey
Lair:5:   layout_hall_layers, minmay_slime_entry_oklob_open,
          hibernation_bobbens, serial_bayou_shore_a, grunt_megastairs_5,
          lemuel_fruit_fields
Lair:6:   cheibrodos_lair_end_hotspot, layout_regular_city
Orc:1:    layout_diamond_mine
Orc:2:    grunt_orc_cross, layout_diamond_mine, basic_altar, uniq_josephine

Skill      XL: |  1  2  3  4  5  6  7  8  9 10 11 12 13 14 |
---------------+-------------------------------------------+-----
Throwing       | 1 |  1.9
Stealth        | 1 2 4 6 7 9 |  9.0
Short Blades   | 3 5 7 9 10 | 10.0
Fighting       | 3 6 8 11 12 | 12.2
Dodging        | 2 5 7 9 10 | 10.4
Shields        | 4 |  4.0
Armour         | 4 10 12 | 12.0
Transmutations | 2 |  2.5
Earth Magic    | 2 |  2.4
Spellcasting   | 3 |  3.2
Translocations | |  3.0

Action                   |  1- 3 |  4- 6 |  7- 9 | 10-12 | 13-15 || total
-------------------------+-------+-------+-------+-------+-------++-------
Melee: Short sword       |    81 |    67 |    10 |       |       ||   158
       Great sword       |       |    16 |   218 |     5 |       ||   239
       Dagger            |       |       |    21 |  1156 |  1433 ||  2610
       Constrict         |       |       |       |       |   180 ||   180
Throw: Boomerang         |     5 |       |       |       |       ||     5
       Dart              |     1 |    27 |     4 |       |       ||    32
 Cast: Blink             |       |       |     2 |     3 |       ||     5
       Passwall          |       |       |       |     3 |     1 ||     4
Invok: Lunge             |       |       |    14 |    48 |    50 ||   112
       Whirlwind         |       |       |     2 |   270 |   306 ||   578
       Serpent's Lash    |       |       |       |     1 |     1 ||     2
       Heavenly Storm    |       |       |       |       |     1 ||     1
 Abil: Spit Poison       |    31 |    18 |     3 |     9 |     3 ||    64
       Wall Jump         |       |       |       |    19 |    21 ||    40
Evoke: Wand              |       |       |     9 |    20 |     4 ||    33
  Use: Scroll            |     1 |     9 |     4 |    12 |     3 ||    29
       Potion            |       |     1 |     2 |     4 |       ||     7
 Stab: Sleeping          |     1 |     5 |     5 |    21 |    12 ||    44
       Distracted        |       |     1 |       |     2 |     4 ||     7
       Paralysed         |       |       |     5 |       |       ||     5
       Fleeing           |       |       |       |     1 |       ||     1
Armor: Leather armour    |    46 |    17 |       |   158 |       ||   221
       Ring mail         |       |     8 |   124 |   108 |    56 ||   296
       Skin              |       |       |       |    37 |       ||    37
       Steam dragon scal |       |       |       |       |   234 ||   234
Dodge: Dodged            |    74 |    39 |   145 |   557 |   548 ||  1363
Block: Buckler           |       |       |       |    58 |   233 ||   291

Table legend: (Time is in decaauts)
 A = Elapsed time spent in this place.
 B = Non-inter-level travel time spent in this place.
 C = Inter-level travel time spent in this place.
 D = Time resting spent in this place.
 E = Time spent auto-exploring this place.
 F = Levels seen in this place.
 G = Mean time per level.
                   A        B        C        D        E       F      G
               +--------+--------+--------+--------+--------+-----+--------+
         Total |  25788 |  23682 |   2106 |   4666 |  11724 |  20 | 1289.4 |
       Dungeon |  15308 |  14233 |   1075 |   3660 |   7096 |  11 | 1391.6 |
        Temple |     74 |     51 |     23 |      0 |     36 |   1 |   74.0 |
          Lair |   9897 |   8918 |    979 |   1003 |   4371 |   6 | 1649.5 |
  Orcish Mines |    508 |    480 |     28 |      2 |    220 |   2 |  254.0 |
               +--------+--------+--------+--------+--------+-----+--------+

Top non-repeatable levels by time:
     D:9: 2070 daAuts
     D:7: 2043 daAuts
  Lair:3: 1989 daAuts
  Lair:6: 1916 daAuts
     D:2: 1861 daAuts
  Lair:1: 1635 daAuts
     D:3: 1598 daAuts
  Lair:4: 1541 daAuts
  Lair:2: 1507 daAuts
     D:8: 1455 daAuts
     D:1: 1432 daAuts
     D:6: 1326 daAuts
  Lair:5: 1307 daAuts
     D:5: 1069 daAuts
    D:10: 1008 daAuts
